Map: Praça Neon Violeta LE

Players

DarkHorse

  • Race: Terran Terran
  • League: Silver
  • Spawn Location: 11:00

IagoAbreu - Winner!

  • Race: Protoss Protoss
  • League: Gold
  • Spawn Location: 5:00

VOD

Have the link to the VOD?

Description

Time

  • Played on: March 31, 2018, 10:57 a.m.
  • Length: 11:53
Show
View Real Time Build Order
Export as new Build Order

DarkHorse Terran 

Build Orders:  

Get SALT Encoding   

  12  0:10  Supply Depot  
  12  0:13  SCV  
  13  0:25  SCV  
  14  0:35  Barracks  
  14  0:37  SCV  
  15  0:53  SCV  
  15  0:56  Refinery  
  16  1:05  SCV, Engineering Bay  
  17  1:17  SCV  
  18  1:26  Marine  
  18  1:27  Refinery  
  18  1:29  SCV  
  20  1:40  Bunker  
  20  1:44  Marine  
  21  1:50  Supply Depot  
  21  1:52  SCV  
  22  2:01  Marine  
  23  2:11  SCV, Bunker  
  24  2:19  Marine  
  25  2:23  SCV  
  25  2:26  Supply Depot  
  26  2:37  Marine  
  27  2:45  Supply Depot  
  27  2:55  Marine  
  27  2:56  Factory  
  28  2:59  Bunker  
  28  3:13  Orbital Command  
  28  3:17  Marine  
  29  3:28  Terran Infantry Weapons Level 1  
  29  3:29  Missile Turret  
  29  3:37  Marine  
  30  4:12  Missile Turret  
  30  4:13  Marine  
  30  4:16  Factory Tech Lab  
  31  4:21  SCV  
  32  4:31  Marine  
  32  4:32  Command Center  
  33  4:46  SCV  
  33  4:49  Marine  
  33  4:51  Refinery  
  35  4:58  SCV  
  36  5:07  Marine  
  36  5:10  SCV  
  38  5:21  Siege Tank  
  38  5:22  SCV  
  38  5:25  Marine  
  43  5:34  SCV  
  44  5:42  Marine  
  44  5:46  SCV  
  44  5:47  SCV  
  47  5:54  Refinery  
  47  5:58  Siege Tank  
  47  5:59  SCV x2  
  47  6:01  Marine  
  53  6:11  SCV x2  
  55  6:23  SCV  
  55  6:25  Command Center  
  56  6:35  SCV  
  56  6:38  SCV  
  58  6:45  Siege Tank  
  61  6:47  SCV  
  62  7:07  Supply Depot  
  62  7:10  Supply Depot  
  62  7:12  Supply Depot  
  62  7:18  Supply Depot  
  62  7:28  Marine, SCV x2  
  65  7:38  SCV  
  65  7:40  SCV  
  65  7:43  SCV  
  68  7:50  SCV  
  69  7:53  SCV  
  69  7:55  SCV  
  71  8:02  SCV  
  71  8:05  SCV  
  73  8:06  Refinery  
  73  8:08  SCV  
  74  8:14  SCV, Starport  
  74  8:17  Starport  
  76  8:20  SCV, Starport  
  76  8:24  Starport  
  76  8:25  Orbital Command  
  76  8:26  SCV  
  77  8:31  Refinery  
  77  8:32  SCV  
  78  8:38  SCV  
  79  8:44  SCV  
  80  8:51  SCV, Starport Tech Lab  
  80  8:53  Starport Tech Lab  
  81  8:56  SCV, Starport Tech Lab  
  81  9:02  Fusion Core  
  82  9:03  SCV  
  82  9:05  Missile Turret  
  82  9:08  SCV  
  84  9:12  Starport Tech Lab  
  84  9:15  SCV  
  85  9:20  SCV  
  86  9:29  Orbital Command  
  86  9:30  Missile Turret  
  86  9:41  Armory  
  86  9:56  Missile Turret  
  86  10:02  Battlecruiser x3, Missile Turret  
  104  10:23  Battlecruiser  
  104  10:38  Missile Turret  
Show
View Real Time Build Order
Export as new Build Order

IagoAbreu Protoss - Winner!

Build Orders: Zealot Archon 

Get SALT Encoding   

  12  0:02  Probe (Chrono Boost)  
  13  0:12  Probe (Chrono Boost)  
  14  0:17  Probe (Chrono Boost)  
  15  0:27  Pylon  
  15  0:42  Assimilator  
  15  0:45  Probe  
  15  0:49  Forge  
  16  0:58  Gateway  
  17  1:04  Probe  
  17  1:16  Probe (Chrono Boost)  
  19  1:26  Probe (Chrono Boost)  
  19  1:34  Pylon  
  19  1:39  Assimilator  
  19  1:41  Probe  
  20  1:49  Cybernetics Core  
  20  1:53  Probe  
  21  1:59  Photon Cannon  
  21  2:05  Photon Cannon, Probe  
  22  2:32  Twilight Council  
  22  2:35  Robotics Facility  
  22  2:43  Warp Gate (Chrono Boost)  
  22  2:55  Stalker  
  24  3:11  Nexus  
  24  3:27  Shield Battery  
  24  3:43  Templar Archives  
  26  3:49  Observer (Chrono Boost)  
  25  4:04  Observer (Chrono Boost)  
  26  4:21  Warp Prism  
  28  4:27  Nexus  
  28  4:36  Probe (Chrono Boost)  
  30  4:46  Probe (Chrono Boost)  
  30  4:47  High Templar  
  30  4:51  Probe (Chrono Boost)  
  32  5:03  Probe  
  33  5:15  Probe  
  34  5:32  Pylon  
  34  5:33  Immortal  
  34  5:34  Pylon  
  38  5:42  High Templar  
  40  5:52  Gateway  
  40  5:53  Gateway  
  40  5:56  Gateway  
  40  5:57  Stargate  
  40  6:00  Stargate  
  40  6:19  Archon  
  40  6:33  Stalker  
  40  6:39  Immortal (Chrono Boost)  
  46  6:45  Phoenix  
  48  6:54  Assimilator  
  48  6:55  Probe (Chrono Boost)  
  48  6:59  Assimilator  
  48  7:00  Probe (Chrono Boost)  
  50  7:01  Protoss Air Weapons Level 1  
  50  7:05  Probe (Chrono Boost)  
  52  7:08  Probe (Chrono Boost)  
  52  7:11  Assimilator, Probe (Chrono Boost)  
  52  7:13  Probe (Chrono Boost)  
  54  7:16  Assimilator  
  54  7:22  Probe (Chrono Boost)  
  55  7:25  Probe (Chrono Boost)  
  58  7:37  Probe (Chrono Boost)  
  58  7:39  Probe (Chrono Boost)  
  58  7:43  Probe (Chrono Boost)  
  59  7:45  Warp Prism (Chrono Boost)  
  61  7:57  Void Ray (Chrono Boost)  
  61  7:58  Void Ray (Chrono Boost)  
  69  8:09  Stalker  
  71  8:27  Probe (Chrono Boost)  
  73  8:35  Probe (Chrono Boost)  
  73  8:36  Psionic Storm  
  73  8:38  Probe (Chrono Boost)  
  74  8:42  Pylon  
  74  8:43  Probe (Chrono Boost)  
  74  8:44  Pylon, Blink (Chrono Boost)  
  74  8:46  Pylon, Probe (Chrono Boost)  
  74  8:47  Pylon  
  74  8:48  Probe (Chrono Boost)  
  77  9:00  Probe x2  
  79  9:03  Stalker  
  81  9:12  Probe x2  
  83  9:40  Void Ray x2 (Chrono Boost)  
  91  9:49  Protoss Air Armor Level 1, Protoss Shields Level 1 (Chrono Boost)  
  91  9:57  Immortal  
  93  10:26  High Templar x4  
  96  11:18  Phoenix x2  
  93  11:26  Observer  
  87  11:43  Stalker x4  
Tags
 
Add a new tag
Caveats
  • Supply blocks, unpowered buildings, or Contaminate may cause inaccurate times.
  • Supply counts are checked every 10 seconds.